 Dungeon Crawl Stone Soup version 0.32-a0-705-g60f233581c (webtiles) character file.

Game seed: 9944453049939492913

389 croobank the Grave Robber (level 6, -14/41 HPs)
             Began as a Human Necromancer on Mar 14, 2024.
             Was an Initiate of Qazlal.
             Demolished by an ogre
             ... wielding a +0 giant spiked club
              (19 damage)
             ... on level 5 of the Dungeon.
             The game lasted 00:17:39 (3309 turns).

croobank the Grave Robber (Human Necromancer)       Turns: 3309, Time: 00:17:39

Health: -14/41     AC:  3    Str:  8    XL:     6   Next: 79%
Magic:  21/21      EV: 12    Int: 18    God:    Qazlal [......]
Gold:   147        SH:  0    Dex: 13    Spells: 7/12 levels left

rFire   . . .        a - +1 short sword
rCold   . . .        (no shield)
rNeg    . . .        e - +1 robe
rPois   .            (no helmet)
rElec   .            (no cloak)
rCorr   .            (no gloves)
SInv    .            (no boots)
Will    .....        m
                       - Hermit's Pendant {Faith Invo=14 Evo=0 MP+5}
Stlth   +++          (no ring)
HPRegen 0.26/turn    (no ring)
MPRegen 0.17/turn

%: faith
@: no status effects
A: explore regen
a: Renounce Religion


You were on level 5 of the Dungeon.
You worshipped Qazlal.
Qazlal was noncommittal.
You visited 1 branch of the dungeon, and saw 5 of its levels.

You collected 147 gold pieces.

Inventory:

Hand Weapons
 a - a +1 short sword (weapon)
 b - a +0 sling
 d - a +0 dagger
Missiles
 n - 4 atropa-tipped darts
Armour
 c - a +0 leather armour
 e - a +1 robe (worn)
 o - a +0 buckler
Jewellery
 m - the Hermit's Pendant (around neck) {Faith Invo=14 Evo=0 MP+5}
   (You found it on level 3 of the Dungeon)

   [amulet of faith]

   Invo=14: It sets your Invocations skill to 14.
   Evo=0: It sets your Evocations skill to 0.
   Faith:     It allows you to gain divine favour quickly.
   MP+5:      It affects your magic capacity (+5).
Scrolls
 h - 2 scrolls of identify
 i - a scroll of enchant weapon
 j - a scroll of immolation {unknown}
 q - a scroll of teleportation
Potions
 g - a potion of attraction {unknown}
 k - a potion of invisibility {unknown}
 l - a potion of cancellation
 p - a potion of haste {unknown}


   Skills:
 * Level 0.0 Fighting
 + Level 3.8 Dodging
 - Level 4.1 Stealth
 + Level 3.5 Spellcasting
 + Level 5.2 Necromancy


You had 7 spell levels left.
You knew the following spells:

 Your Spells              Type           Power      Damage    Failure   Level
a - Necrotise             Necr           88%        1d8       1%          1
A - Animate Dead          Necr           22%        N/A       19%         4

Your spell library contained the following spells:

 Spells                   Type           Power      Damage    Failure   Level
 Vampiric Draining        Necr           22%        2d7       5%          3
 Slow                     Hex            12%        N/A       16%         1
 Confusing Touch          Hex            3%         N/A       43%         3
 Curse of Agony           Necr           22%        N/A       45%         5


Dungeon Overview and Level Annotations

Branches:
Dungeon (5/15)
 Temple: D:4-7

Altars:
Qazlal
Ru
Wu Jian
Xom

Shops:
D:1 (


Innate Abilities, Weirdness & Mutations

You regain HP and MP as you explore.


Message History

Found a shimmering altar of Xom.
Okay, then.
You swap places.
Done exploring.
There is a stormy altar of Qazlal here.
You kneel at the altar of Qazlal.
You kneel at the altar of Qazlal.
Qazlal welcomes you!
Your amulet flashes!
Qazlal grants you and your divine allies immunity to clouds.
Done exploring.
There is a stone staircase leading down here.
You climb downwards.
Your mindless puppet stays behind to rot.
Found a stone staircase leading up and a stone staircase leading down.
There is a stone staircase leading up here.
An ogre comes into view. It is wielding a +0 giant spiked club.
Found a ring mail.
The helpless ogre fails to defend itself.
You hit the ogre.
The ogre is lightly wounded.
The ogre hits you with a +0 giant spiked club!!!
Ouch! That really hurt!
* * * LOW HITPOINT WARNING * * *
Casting: Necrotise (safe; 1% risk of failure)
Confirm with . or Enter, or press ? or * to list all spells.
Okay, then.
Okay, then.
Casting: Necrotise (safe; 1% risk of failure)
Confirm with . or Enter, or press ? or * to list all spells.
Okay, then.
As you read the scroll labelled RETAL AMETYTASESS, it crumbles to dust.
It is a scroll of enchant armour.
Your +0 robe glows green for a moment.
A scorpion comes into view.
As you read the scroll labelled ZAAVUT VERELA, it crumbles to dust.
It is a scroll of enchant weapon.
Your +0 short sword glows red for a moment.
The ogre hits you with a +0 giant spiked club!!
You die...

.....>......#
.......
#..........#
.......
#........<.+
.......
#..........#
.......
#.....<....+
......#..........#
.s................
#.#####.#########
#O@.....#
####.##.# #.##.#
#.##+# [.. #..
#... ....


You could see an ogre and a scorpion.

Vanquished Creatures
  2 scorpions (D:4)
  A bombardier beetle (D:4)
  A jelly (D:4)
  Jessica (D:2)
  An iguana (D:3)
  An orc wizard (D:3)
  3 adders
  2 ribbon worms (D:3)
  10 orcs (D:3)
  3 bats
  7 endoplasms
  3 giant cockroaches
  6 hobgoblins
  A quokka (D:3)
  2 ball pythons
  5 frilled lizards
  5 goblins
  10 kobolds
  A rat (D:2)
65 creatures vanquished.

Vanquished Creatures (collateral kills)
  An orc wizard (D:3)
  2 goblins (D:3)
3 creatures vanquished.

Vanquished Creatures (others)
  2 bat zombies (D:3)
  A frilled lizard zombie (D:3)
  2 goblin zombies (D:3)
  2 hobgoblin zombies (D:4)
  A kobold zombie (D:4)
  4 orc zombies (D:3)
12 creatures vanquished.

Grand Total: 80 creatures vanquished

Notes
Turn   | Place    | Note
-------+----------+-------------------------------------------
     0 | D:1      | croobank the Human Necromancer began the quest for the Orb.
     0 | D:1      | Reached XP level 1. HP: 13/13 MP: 3/3
    73 | D:1      | Found Isuoriodia's Antique Weapon Emporium.
   282 | D:1      | Reached XP level 2. HP: 18/19 MP: 3/5
   915 | D:2      | Found a faded altar of an unknown god.
   980 | D:2      | Noticed Jessica
   986 | D:2      | Killed Jessica
   987 | D:2      | Reached XP level 3. HP: 24/24 MP: 3/6
  1141 | D:2      | You fall into a shaft and drop 1 floor!
  1241 | D:3      | Reached XP level 4. HP: 24/30 MP: 2/7
  1323 | D:3      | Learned a level 4 spell: Animate Dead
  1473 | D:3      | Found a sacrificial altar of Ru.
  1961 | D:3      | Reached XP level 5. HP: 18/35 MP: 1/9
  2391 | D:3      | Found a faded altar of an unknown god.
  2391 | D:3      | Found the Hermit's Pendant {Faith Invo=14 Evo=0 MP+5}
  2642 | D:4      | Found a stormy altar of Qazlal.
  2700 | D:4      | Reached XP level 6. HP: 25/41 MP: 16/16
  2767 | D:4      | Reached skill level 5 in Necromancy
  2979 | D:4      | Found an ornate altar of the Wu Jian Council.
  3252 | D:4      | Found a shimmering altar of Xom.
  3289 | D:4      | Became a worshipper of Qazlal Stormbringer
  3298 | D:5      | Entered Level 5 of the Dungeon
  3309 | D:5      | Demolished by an ogre

Illustrated notes

Levels and vault maps discovered:
D:1:      tarquinn_simple_flora_water_e, layout_loops_cross, serial_shops, shop,
          glass_columns_b, palyth_stone_intersect
D:2:      layout_loops_cross, basic_altar, hellmonk_ecumenical_altar_run_dry,
          chequers_serial_rivers_room_b, uniq_terence, uniq_jessica
D:3:      layout_loops_cross, nicolae_ru_great_annihilating_truth,
          hellmonk_guarded_unrand_hermit
D:4:      layout_gridville, nicolae_overflow_hidden_temple, old_standard_altar,
          mainiacjoe_overflow_catwalk
D:5:      layout_basic, mainiacjoe_overflow_alcove_1, uniq_duvessa, uniq_pikel

Skill      XL: |  1  2  3  4  5  6 |
---------------+-------------------+-----
Stealth        | 3 4 |  4.1
Dodging        | 3 |  3.8
Spellcasting   | 3 |  3.5
Necromancy     | 5 |  5.2

Action                     |  1- 3 |  4- 6 || total
---------------------------+-------+-------++-------
  Melee: Short sword       |    11 |   111 ||   122
   Fire: Sling             |    26 |    28 ||    54
   Cast: Necrotise         |    33 |    51 ||    84
         Animate Dead      |       |     7 ||     7
    Use: Scroll            |     1 |     6 ||     7
         Potion            |     1 |     2 ||     3
   Stab: Sleeping          |     2 |     2 ||     4
         Distracted        |       |     1 ||     1
 Armour: Robe              |    25 |    80 ||   105
  Dodge: Dodged            |    16 |    64 ||    80

Table legend: (Time is in decaauts)
 A = Elapsed time spent in this place.
 B = Non-inter-level travel time spent in this place.
 C = Inter-level travel time spent in this place.
 D = Time resting spent in this place.
 E = Time spent auto-exploring this place.
 F = Levels seen in this place.
 G = Mean time per level.
                   A        B        C        D        E       F      G
               +--------+--------+--------+--------+--------+-----+--------+
         Total |   3334 |   3206 |    128 |    528 |   1860 |   5 |  666.8 |
       Dungeon |   3334 |   3206 |    128 |    528 |   1860 |   5 |  666.8 |
               +--------+--------+--------+--------+--------+-----+--------+

Top non-repeatable levels by time:
     D:3: 1476 daAuts
     D:1: 904 daAuts
     D:4: 697 daAuts
     D:2: 244 daAuts
     D:5: 10 daAuts
